[Event "Early-Titled-Tuesday-Blitz-October-03-2023"]
[Site "Chess.com"]
[Date "2023.10.03"]
[Round "7"]
[White "BeautiFullMindChess"]
[Black "whiteglovethief"]
[Result "0-1"]
[WhiteElo "2382"]
[BlackElo "2528"]
[TimeControl "180+1"]
[EndTime "9:18:37 PDT"]
[Termination "whiteglovethief won on time"]

1. e4 e6 2. d4 d5 3. exd5 exd5 4. Nf3 Bd6 5. Bd3 Ne7 6. O-O O-O 7. c4 dxc4 8. Bxc4 Bg4 9. h3 Bh5 10. Nc3 Nbc6 11.
Be3 a6 12. a3 Qd7 13. Re1 Rad8 14. d5 Bxf3 15. Qxf3 Ne5 16. Qe4 f5 17. Qd4 Nxc4 18.
Qxc4 f4 19. Bc5 b5 20. Qd4 Nf5 21. Qb4 a5 22. Qxb5 Qxb5 23. Nxb5 Bxc5 24. Nxc7 Nd4 25. Rad1 Rd7 26. Na6 Ba7 27. b4 f3 28. Nc5 Bxc5 29. bxc5 Rxd5 30. c6 Ne2+ 31. Kh2 Rxd1 32. Rxd1 fxg2 33.
Kxg2 Rc8 34. Rd6 Nf4+ 35. Kf3 Ng6 36. Ke4 Ne7 37. Rd7 Nxc6 38. a4 Nb4 39. Ra7 Rc5 40. h4 Rh5 41. f4 Nd5 42. f5 Nf6+ 43.
Ke5 Rxh4 0-1

[Event "Early-Titled-Tuesday-Blitz-October-03-2023"]
[Site "Chess.com"]
[Date "2023.10.03"]
[Round "7"]
[White "Juicy_Fork"]
[Black "DarZay"]
[Result "1-0"]
[WhiteElo "2457"]
[BlackElo "2218"]
[TimeControl "180+1"]
[EndTime "9:18:38 PDT"]
[Termination "Juicy_Fork won on time"]

1. e4 c5 2. Nf3 Nc6 3. Bb5 g6 4. O-O Bg7 5. c3 Nf6 6. Qa4 O-O 7. d4 cxd4 8. cxd4 a6 9. Re1 Qb6 10. Nc3 axb5 11. Qxa8 Nxd4 12. Nxd4 Qxd4 13. Be3 Qb4 14. Qa3 Qxa3 15. bxa3 Ng4 16. Rac1 Ne5 17. Red1 d6 18. Nd5 Bg4 19. f3 Be6 20. Nxe7+ Kh8 21. Bd4 Bxa2 22. Nd5 Bc4 23. Nb6 Nd3 24. Bxg7+ Kxg7 25. Rc3 Nf4 26. Kf2 Be6 27. Rxd6 f5 28. e5 g5 29. g3 1-0

[Event "Early-Titled-Tuesday-Blitz-October-03-2023"]
[Site "Chess.com"]
[Date "2023.10.03"]
[Round "7"]
[White "vedantgoswami"]
[Black "koncheto"]
[Result "0-1"]
[WhiteElo "2401"]
[BlackElo "2539"]
[TimeControl "180+1"]
[EndTime "9:18:41 PDT"]
[Termination "koncheto won on time"]

1. c3 d5 2. d4 Bf5 3. Qb3 b6 4. Nf3 e6 5. c4 Nf6 6. Nc3 c6 7. cxd5 cxd5 8. Bg5 Be7 9. Qb5+ Nbd7 10. Bxf6 Bxf6 11.
e3 O-O 12. Be2 a6 13. Qb3 b5 14. O-O Rb8 15. Ne1 Nb6 16. Nd3 Nc4 17. Rfd1 Be7 18. a3 Qa5 19. Rac1 Rfc8 20. g3 h6 21. Kg2 Rc7 22. Rc2 Rbc8 23. Rdc1 Bxa3 24. bxa3 Nxa3 25. Nxd5 Be4+ 0-1

[Event "Early-Titled-Tuesday-Blitz-October-03-2023"]
[Site "Chess.com"]
[Date "2023.10.03"]
[Round "7"]
[White "Mops_2004"]
[Black "jaskol95"]
[Result "1-0"]
[WhiteElo "2797"]
[BlackElo "2624"]
[TimeControl "180+1"]
[EndTime "9:18:42 PDT"]
[Termination "Mops_2004 won by resignation"]

1. g3 d5 2. Nf3 Nf6 3. Bg2 c6 4. O-O Bf5 5. c4 e6 6. Qb3 Qb6 7. d3 Nbd7 8. cxd5 exd5 9. Qc2 Be7 10. Nc3 O-O 11. e4 dxe4 12. dxe4 Bg6 13. Nh4 Rfe8 14.
Bf4 Bb4 15. Nxg6 hxg6 16. Rad1 Ne5 17. a3 Bf8 18. h3 Nc4 19. Bc1 Rad8 20. Kh2 Na5 21.
b4 Nc4 22. Qe2 Nd6 23. e5 Nf5 24. f4 Nh5 25. Ne4 Nd4 26. Qf2 f5 27. Ng5 Ne6 28.
Qxb6 axb6 29. Nxe6 Rxd1 30. Rxd1 Rxe6 31. g4 Nxf4 32.
Bxf4 g5 33. gxf5 Re8 34. Bg3 1-0

[Event "Early-Titled-Tuesday-Blitz-October-03-2023"]
[Site "Chess.com"]
[Date "2023.10.03"]
[Round "7"]
[White "Heydarli77"]
[Black "GMJustin"]
[Result "0-1"]
[WhiteElo "2299"]
[BlackElo "2206"]
[TimeControl "180+1"]
[EndTime "9:18:44 PDT"]
[Termination "GMJustin won by checkmate"]

1. e4 Nh6 2. d4 d5 3. exd5 Nf5 4. c4 c6 5. Nc3 cxd5 6. cxd5 g6 7.
Bb5+ Nd7 8. Nf3 Bg7 9. O-O O-O 10. Ba4 a6 11. Bb3 b5 12. a3 Bb7 13. Bf4 Nb6 14. Rc1 Nxd5 15. Nxd5 Bxd5 16. Bc7 Bxb3 17. Qxb3 Nxd4 18.
Nxd4 Qxd4 19. Rc2 Rac8 20. Rfc1 Qd7 21. g3 Bh6 22. f4 Rfe8 23. Be5 e6 24. Qe3 Rxc2 25. Rxc2 Qd1+ 26. Kg2 Qxc2+ 27. Kh3 Rd8 28. Bc3 Qf5+ 29. Kg2 Qd5+ 30. Kh3 Bg7 31. Bb4 h5 32. Be7 Qf5+ 33. Kg2 Rd3 34. Qb6 Qe4+ 35. Kh3 Rd2 36. Qb8+ Kh7 37. g4 Qg2+ 38. Kh4 Qxg4# 0-1

[Event "Early-Titled-Tuesday-Blitz-October-03-2023"]
[Site "Chess.com"]
[Date "2023.10.03"]
[Round "7"]
[White "Dr_crypt"]
[Black "aistrel"]
[Result "1-0"]
[WhiteElo "2439"]
[BlackElo "2554"]
[TimeControl "180+1"]
[EndTime "9:18:47 PDT"]
[Termination "Dr_crypt won on time"]

1. d4 d5 2. c4 e6 3. Nc3 c6 4. e3 f5 5. Nf3 Nh6 6. Be2 Bd6 7. O-O g5 8. Ne5 g4 9. e4 Nf7 10. Nxf7 Kxf7 11. exd5 exd5 12. cxd5 cxd5 13. Qb3 Be6 14. Qxb7+ Nd7 15. Nxd5 Qa5 16. Nf4 Rab8 17. Qc6 Rb6 18. Qc2 Nf6 19. Nxe6 Kxe6 20. Bc4+ Kd7 21. Bg5 Ne4 22. Bh4 Nd2 23. Rfe1 Re8 24. Rxe8 Kxe8 25. Be6 Bxh2+ 26. Kxh2 Rxe6 27. Qc8+ Qd8 28. Qxd8+ 1-0

[Event "Early-Titled-Tuesday-Blitz-October-03-2023"]
[Site "Chess.com"]
[Date "2023.10.03"]
[Round "7"]
[White "Henryk_S"]
[Black "stepanosinovsky"]
[Result "0-1"]
[WhiteElo "2160"]
[BlackElo "2388"]
[TimeControl "180+1"]
[EndTime "9:18:47 PDT"]
[Termination "stepanosinovsky won on time"]

1. e4 e5 2. Nf3 Nc6 3. Nc3 Nf6 4. Bb5 Nd4 5. Bc4 Bc5 6. d3 O-O 7. O-O d5 8. Nxd5 Nxd5 9. Nxd4 Nf4 10. Nf5 g6 11. Ng3 Qh4 12. Be3 Bg4 13. Bxc5 Bxd1 14. Bxf8 Bf3 15. Bc5 Qh3 0-1

[Event "Early-Titled-Tuesday-Blitz-October-03-2023"]
[Site "Chess.com"]
[Date "2023.10.03"]
[Round "7"]
[White "JoliyRoger"]
[Black "karinachess1"]
[Result "0-1"]
[WhiteElo "2489"]
[BlackElo "2631"]
[TimeControl "180+1"]
[EndTime "9:18:51 PDT"]
[Termination "karinachess1 won on time"]

1. Nf3 Nf6 2. c4 e6 3. Nc3 d5 4. d4 Bb4 5. e3 O-O 6. Bd2 c5 7.
cxd5 exd5 8. dxc5 Bxc5 9. Rc1 Nc6 10. Nb5 Bb6 11. Be2 a6 12. Nbd4 Nxd4 13. Nxd4 Bxd4 14.
exd4 Qb6 15. Bc3 Re8 16. O-O Bf5 17. Bd3 Bxd3 18. Qxd3 Re6 19. Rc2 Rae8 20. f3 Re3 21. Qd2 Qe6 22. h3 Nh5 23. Qf2 Nf4 24. Kh1 Nxh3 25.
gxh3 Qxh3+ 26. Qh2 Qxf1+ 0-1

[Event "Early-Titled-Tuesday-Blitz-October-03-2023"]
[Site "Chess.com"]
[Date "2023.10.03"]
[Round "7"]
[White "Kielinkei"]
[Black "FREDERICKtheMATE"]
[Result "1/2-1/2"]
[WhiteElo "2466"]
[BlackElo "2595"]
[TimeControl "180+1"]
[EndTime "9:18:51 PDT"]
[Termination "Game drawn - insufficient material"]

1. c4 Nf6 2. g3 e6 3. Bg2 d5 4. d4 dxc4 5. Nf3 c5 6. O-O Nc6 7.
dxc5 Qxd1 8. Rxd1 Bxc5 9. Nbd2 c3 10. bxc3 O-O 11. Nb3 Be7 12. Nfd4 Bd7 13. Nxc6 Bxc6 14.
Bxc6 bxc6 15. c4 Rfd8 16. Bb2 Ne4 17. Kg2 Kf8 18. Kf3 Nc5 19. Ba3 Nxb3 20. Bxe7+ Kxe7 21.
axb3 Rxd1 22. Rxd1 Rb8 23. Rd3 c5 24. Ke3 a5 25.
Kd2 Rb4 26. Kc3 a4 27. bxa4 Rxa4 28. Rd2 f5 29. Rb2 Ra5 30. Rb5 Ra2 31. Kd3 Ra3+ 32. Kd2 Kd6 33. Rb6+ Ke5 34. Rc6 Kd4 35. Rxe6 Ra2+ 36.
Kd1 Kxc4 37. Re7 Kc3 38. Re3+ Kb4 39. Re7 c4 40. Rxg7 Kb3 41. Rxh7 Ra1+ 42. Kd2 c3+ 43. Ke3 c2 44. Rb7+ Kc3 45. Rc7+ Kb3 46. Kf4 c1=Q+ 47.
Rxc1 Rxc1 48. Kxf5 Rc2 49. f4 Rxe2 50. h4 Kc4 51. h5 Kd5 52. h6 Rh2 53. Kg6 Rg2 54. h7 Rxg3+ 55. Kf7 Rh3 56. Kg7 Ke4 57. h8=Q Rxh8 58.
Kxh8 Kxf4 1/2-1/2

[Event "Early-Titled-Tuesday-Blitz-October-03-2023"]
[Site "Chess.com"]
[Date "2023.10.03"]
[Round "7"]
[White "LaPiToB"]
[Black "ljuks68"]
[Result "1-0"]
[WhiteElo "2295"]
[BlackElo "2410"]
[TimeControl "180+1"]
[EndTime "9:18:52 PDT"]
[Termination "LaPiToB won by resignation"]

1. c4 c6 2. d4 d5 3. cxd5 cxd5 4. Bf4 Nf6 5. e3 Nc6 6. Nc3 Bf5 7. Qb3 Na5 8. Qa4+ Bd7 9. Qc2 e6 10. Bd3 Nc6 11.
a3 Nh5 12. Bg3 g6 13. Nf3 Nxg3 14. hxg3 Bg7 15. Rc1 a6 16. Qe2 O-O 17. O-O b5 18.
b4 Be8 19. Nb1 e5 20. dxe5 Nxe5 21. Nxe5 Bxe5 22. Rc2 Rc8 23. Rfc1 Rxc2 24. Rxc2 Bd7 25. Nd2 d4 26. e4 Be6 27. f4 Bg7 28. e5 f6 29.
exf6 Qxf6 30. Ne4 Qf7 31. Ng5 1-0

[Event "Early-Titled-Tuesday-Blitz-October-03-2023"]
[Site "Chess.com"]
[Date "2023.10.03"]
[Round "7"]
[White "Journey_to_GrandMaster_YT"]
[Black "Polish_fighter3000"]
[Result "0-1"]
[WhiteElo "2582"]
[BlackElo "3066"]
[TimeControl "180+1"]
[EndTime "9:18:53 PDT"]
[Termination "Polish_fighter3000 won by checkmate"]

1. d4 h6 2. e4 g5 3. Bd3 Bg7 4. c3 d6 5. Ne2 g4 6. Ng3 h5 7. Bg5 c5 8. dxc5 dxc5 9. Bb5+ Bd7 10.
Nf5 Bf6 11. Bxd7+ Nxd7 12. Qc1 e6 13. Nd6+ Ke7 14. Nc4 b5 15. e5 Bxg5 16. Qxg5+ Kf8 17. Qxd8+ Rxd8 18. Nd6 Nxe5 19. Nxb5 Nd3+ 20. Ke2 Nf4+ 21. Ke3 Nxg2+ 22. Ke2 Nf4+ 23. Ke3 Ng2+ 24. Ke2 Ne7 25. c4 Nf4+ 26. Ke3 Rd3+ 27. Kxf4 Ng6+ 28. Ke4 Rf3 29. Nd6 h4 30. Nc3 Rh5 31. Rad1 Re5# 0-1

[Event "Early-Titled-Tuesday-Blitz-October-03-2023"]
[Site "Chess.com"]
[Date "2023.10.03"]
[Round "7"]
[White "Roman_Ovetchkin"]
[Black "ErikRonka"]
[Result "1-0"]
[WhiteElo "2708"]
[BlackElo "2504"]
[TimeControl "180+1"]
[EndTime "9:18:57 PDT"]
[Termination "Roman_Ovetchkin won by resignation"]

1. d4 d5 2. c4 c6 3. Nf3 Nf6 4. Qc2 dxc4 5. e4 b5 6. b3 cxb3 7. axb3 e6 8. Bd2 a5 9. Bd3 Be7 10. O-O g6 11. Bh6 Bf8 12. Qc1 Bxh6 13. Qxh6 Qe7 14. Nc3 Nbd7 15. e5 Nd5 16. Nxd5 exd5 17. e6 fxe6 18. Bxg6+ Kd8 19. Ng5 Kc7 20. Bf7 Nf8 21. Rfe1 Bd7 22. h4 Kb6 23. h5 Qb4 24.
Qg7 h6 25. Qxh8 hxg5 26. h6 Qe7 27. Qg7 e5 28. Rxe5 Ne6 29. Bxe6 Qxe6 30. Rxe6 1-0

[Event "Early-Titled-Tuesday-Blitz-October-03-2023"]
[Site "Chess.com"]
[Date "2023.10.03"]
[Round "7"]
[White "andrzej"]
[Black "milovichalex"]
[Result "1-0"]
[WhiteElo "2461"]
[BlackElo "2302"]
[TimeControl "180+1"]
[EndTime "9:18:57 PDT"]
[Termination "andrzej won by resignation"]

1. e4 e5 2. Nf3 Nc6 3. Bb5 a6 4. Ba4 Nf6 5. O-O Be7 6. Re1 b5 7. Bb3 O-O 8. a4 Rb8 9. axb5 axb5 10. c3 d5 11. exd5 Nxd5 12. Nxe5 Nxe5 13. Rxe5 c6 14. d4 Bd6 15. Re2 Bg4 16. f3 Qh4 17. g3 Qh3 18. fxg4 Rbe8 19. Bd2 Bxg3 20. hxg3 Qxg4 21. Rg2 Qh3 22. Na3 Ne3 23. Bxe3 Rxe3 24. Qf1 Rxg3 25. Nc2 Rf3 26. Qe2 Rf6 27. Rf1 Rd6 28. Rxf7 Qc8 29.
Rc7+ 1-0

[Event "Early-Titled-Tuesday-Blitz-October-03-2023"]
[Site "Chess.com"]
[Date "2023.10.03"]
[Round "7"]
[White "wqws"]
[Black "Arystanner"]
[Result "0-1"]
[WhiteElo "2659"]
[BlackElo "2831"]
[TimeControl "180+1"]
[EndTime "9:18:58 PDT"]
[Termination "Arystanner won by resignation"]

1. e4 c5 2. Nf3 e6 3. d4 cxd4 4. Nxd4 Nf6 5. Nc3 Nc6 6. Bg5 h6 7. Bxf6 Qxf6 8. Ndb5 Qe5 9. Qd2 a6 10. f4 Qb8 11. Nd4 Nxd4 12. Qxd4 Qxf4 13. Bc4 Be7 14.
Rf1 Bf6 15. Qc5 Qg5 16. Qd6 b5 17. Bd5 Bxc3+ 18. bxc3 exd5 19. Rf5 Qg6 20. Qxd5 O-O 21. Qxa8 d5 22. Qxd5 Be6 23. Qd3 Bxf5 24. exf5 Qxg2 25. O-O-O Qxh2 26. Qd4 Qh5 27. Rg1 f6 28. Qd7 Qf7 29. Qc6 Qxa2 30. Qb7 Qa1+ 31. Kd2 Qxg1 0-1

[Event "Early-Titled-Tuesday-Blitz-October-03-2023"]
[Site "Chess.com"]
[Date "2023.10.03"]
[Round "7"]
[White "Zhigalko_Sergei"]
[Black "bascheyaro"]
[Result "0-1"]
[WhiteElo "2927"]
[BlackElo "2820"]
[TimeControl "180+1"]
[EndTime "9:18:59 PDT"]
[Termination "bascheyaro won on time"]

1. e4 e6 2. d4 d5 3. e5 c5 4. c3 Qb6 5. Nf3 Bd7 6. Be2 Bb5 7.
Bxb5+ Qxb5 8. a4 Qd7 9. dxc5 Bxc5 10. O-O a6 11. Nbd2 Nc6 12. Nb3 Ba7 13. Re1 Nge7 14.
Be3 Bxe3 15. Rxe3 Qc7 16. Nbd4 Nxd4 17. Nxd4 Nc6 18. Qg4 O-O 19. Nf3 Ne7 20. Nd4 Nc6 21. Rd1 Rac8 22. Nf3 Ne7 23. Nd4 Nc6 24. Nxc6 bxc6 25.
h4 Rb8 26. Rd2 c5 27. h5 h6 28. f4 f5 29. exf6 Rxf6 30. Rxe6 Rxf4 31. Qe2 Rbf8 32. Qe5 Qf7 33. Rg6 Rf1+ 34. Kh2 Rf5 35. Qe2 Re8 36. Qg4 Ree5 37. Rxh6 Rg5 38. Qc8+ Re8 0-1

[Event "Early-Titled-Tuesday-Blitz-October-03-2023"]
[Site "Chess.com"]
[Date "2023.10.03"]
[Round "7"]
[White "LangesNasenhaar"]
[Black "biostatistician"]
[Result "0-1"]
[WhiteElo "2446"]
[BlackElo "2636"]
[TimeControl "180+1"]
[EndTime "9:18:59 PDT"]
[Termination "biostatistician won on time"]

1. d4 Nf6 2. Nc3 d5 3. Bf4 Bf5 4. e3 e6 5. Nf3 Bd6 6. Ne5 Nbd7 7. g4 Bxe5 8. dxe5 Nxg4 9. Rg1 Qh4 10. Bg3 Qh6 11. Qd4 O-O 12. Bd3 c5 13. Qf4 Qxf4 14.
exf4 Nh6 15. O-O-O Bxd3 16. Rxd3 Nf5 17. f3 c4 18. Rd2 Nc5 19. Bf2 Rfc8 20. Ne2 b5 21.
Ng3 Nxg3 22. hxg3 a5 23. Bd4 b4 24. Rh2 a4 25. Rgh1 h6 26. g4 b3 27. a3 bxc2 28.
Kxc2 Nb3 29. Bc3 d4 30. Bb4 c3 31. bxc3 dxc3 32. g5 Nd4+ 33. Kd3 Nxf3 34. Rh3 c2 35. Rc1 Rd8+ 36. Ke3 Nd4 37. gxh6 gxh6 38. Ke4 Nf5 39. Rxc2 Rd4+ 40. Kf3 Kh7 41. Ke2 Rxf4 0-1

[Event "Early-Titled-Tuesday-Blitz-October-03-2023"]
[Site "Chess.com"]
[Date "2023.10.03"]
[Round "7"]
[White "Ranindu2003"]
[Black "CarlosjPineror"]
[Result "1-0"]
[WhiteElo "2722"]
[BlackElo "2504"]
[TimeControl "180+1"]
[EndTime "9:18:59 PDT"]
[Termination "Ranindu2003 won by resignation"]

1. e4 c5 2. c3 Nf6 3. e5 Nd5 4. Nf3 e6 5. d4 cxd4 6. cxd4 b6 7. Bd3 Bb7 8. Nc3 Nxc3 9. bxc3 Qc7 10. O-O Nc6 11. Bf4 f5 12. d5 Na5 13. c4 Bc5 14.
Ng5 O-O-O 15. Nf7 Kb8 16. Nxd8 Qxd8 17. Qd2 h6 18. Be3 Qc7 19. Rab1 Bxe3 20. Qxe3 Nxc4 21.
Bxc4 Qxc4 22. dxe6 dxe6 23. Rbc1 Qxa2 24. Rfd1 Qa4 25. Qc3 Rc8 26. Rd8 a5 27. Rxc8+ Ka7 28. Rc7 Qe4 29. Qf3 Qxf3 30. gxf3 Ka6 31. Rxg7 Bd5 32.
Rd7 Bb3 33. Rd6 a4 34. Rcc6 Ka5 35. Rxb6 Bc4 36. Rb8 1-0

[Event "Early-Titled-Tuesday-Blitz-October-03-2023"]
[Site "Chess.com"]
[Date "2023.10.03"]
[Round "7"]
[White "Good_Knight_Kiss"]
[Black "hypert"]
[Result "1-0"]
[WhiteElo "2430"]
[BlackElo "2521"]
[TimeControl "180+1"]
[EndTime "9:18:59 PDT"]
[Termination "Good_Knight_Kiss won by resignation"]

1. e4 e6 2. d4 d5 3. Nc3 Bb4 4. exd5 exd5 5. Bd3 Nc6 6. a3 Be7 7. Bf4 a6 8. Nf3 Nf6 9. h3 O-O 10. O-O Bd6 11. Bg5 Be6 12. Re1 h6 13. Bh4 Be7 14. Ne2 Nh5 15. Bxe7 Qxe7 16. Qd2 Qd6 17. c3 Rfe8 18.
b4 f6 19. a4 g5 20. Bg6 Bf7 21. Bxf7+ Kxf7 22. Qd3 Ng7 23. Ng3 h5 24. Nf5 Qd7 25. Nh6+ Kf8 26. Qh7 Re4 27. Qg8+ Ke7 28. Qxg7+ Kd6 29.
Qxf6+ Qe6 30. Qxe6+ Kxe6 31. Nxg5+ 1-0

[Event "Early-Titled-Tuesday-Blitz-October-03-2023"]
[Site "Chess.com"]
[Date "2023.10.03"]
[Round "7"]
[White "MdChess1734"]
[Black "Wizard_97"]
[Result "0-1"]
[WhiteElo "2387"]
[BlackElo "2535"]
[TimeControl "180+1"]
[EndTime "9:19:00 PDT"]
[Termination "Wizard_97 won by resignation"]

1. d4 Nf6 2. Bf4 d5 3. e3 c5 4.
Nf3 Nc6 5. Nbd2 Qb6 6. dxc5 Qxb2 7. Rb1 Qc3 8. Bb5 g6 9. O-O Bg7 10. Ne5 Bd7 11. Ndf3 O-O 12. Nxd7 Nxd7 13. Qxd5 Nf6 14. Qc4 Qxc4 15. Bxc4 Ne4 16. Rxb7 Na5 17. Rb4 Nc6 18. Rbb1 Nxc5 19. Bd5 Rac8 20. Rb5 Na4 21. Rb7 Nc3 22. Bxc6 Rxc6 23. Rxa7 Ne2+ 24. Kh1 Nxf4 25. exf4 Rxc2 26. a4 Ra2 27. g3 Rb8 28. Kg2 h6 29. Rxe7 Rxa4 30.
Ne5 Rf8 31. Rd1 Bf6 32. Rb7 Bxe5 33. fxe5 Re4 34. Rd5 g5 35. Kf3 Re1 36. e6 fxe6+ 37. Kg4 exd5 0-1

[Event "Early-Titled-Tuesday-Blitz-October-03-2023"]
[Site "Chess.com"]
[Date "2023.10.03"]
[Round "7"]
[White "bylavochka"]
[Black "dennisodessa"]
[Result "1/2-1/2"]
[WhiteElo "2330"]
[BlackElo "2472"]
[TimeControl "180+1"]
[EndTime "9:19:00 PDT"]
[Termination "Game drawn - insufficient material"]

1. e4 e6 2. d4 d5 3. Bd3 dxe4 4. Bxe4 Nf6 5. Bf3 Nbd7 6. Ne2 e5 7. Nbc3 Bd6 8. O-O O-O 9. Bg5 h6 10. Bh4 Re8 11.
dxe5 Nxe5 12. Nd4 Nxf3+ 13. Nxf3 Bg4 14. Qd3 g5 15. Bg3 Bxg3 16. Qxd8 Bxh2+ 17. Nxh2 Raxd8 18. Nxg4 Nxg4 19. Rad1 c6 20. Rfe1 Rxe1+ 21. Rxe1 Rd2 22. f3 Nf6 23. Re7 b5 24. Rxa7 Rxc2 25. Ra6 Rxb2 26. Rxc6 Kg7 27. Rb6 b4 28. Na4 Rxa2 29. Rxb4 Nd5 30.
Rb5 Ne3 31. Nc3 Rxg2+ 32. Kh1 Rf2 33. Ne4 Rxf3 34. Nd6 g4 35. Re5 g3 36. Rxe3 Rxe3 37. Nf5+ Kg6 38. Nxe3 f5 39. Nd5 Kg5 40. Kg2 f4 41.
Kf3 h5 42. Nxf4 h4 43. Ne2 Kf5 44. Nxg3+ hxg3 45. Kxg3 1/2-1/2

[Event "Early-Titled-Tuesday-Blitz-October-03-2023"]
[Site "Chess.com"]
[Date "2023.10.03"]
[Round "7"]
[White "GradualismUnleashed"]
[Black "Man-Chuk"]
[Result "0-1"]
[WhiteElo "2621"]
[BlackElo "2784"]
[TimeControl "180+1"]
[EndTime "9:19:04 PDT"]
[Termination "Man-Chuk won by resignation"]

1. e4 c5 2. Nf3 d6 3. d4 cxd4 4. Nxd4 Nf6 5. Nc3 Nc6 6. Bg5 e6 7. Qd2 a6 8. Nxc6 bxc6 9. O-O-O Qa5 10. Bc4 d5 11. Bxf6 gxf6 12. exd5 cxd5 13. Bb3 Bb4 14. Rhe1 Bxc3 15. bxc3 Bb7 16. Qd4 Ke7 17. f4 Rhc8 18.
Qb4+ Qxb4 19. cxb4 f5 20. Kb2 a5 21. a3 Kf6 22. g3 Rc7 23. Rd4 a4 24. Ba2 Rac8 25.
Re2 Ba6 26. Red2 h5 27. Rf2 Rc3 28. Rdd2 Re3 29. Bb1 Rcc3 30. Rd4 Bb5 31. Kc1 Rxa3 32. Kd1 Ra1 33. Kd2 Re4 34. Rxe4 fxe4 35. Kc1 a3 0-1

[Event "Early-Titled-Tuesday-Blitz-October-03-2023"]
[Site "Chess.com"]
[Date "2023.10.03"]
[Round "7"]
[White "ama18"]
[Black "Casper"]
[Result "1-0"]
[WhiteElo "2548"]
[BlackElo "2412"]
[TimeControl "180+1"]
[EndTime "9:19:05 PDT"]
[Termination "ama18 won on time"]

1. e4 c5 2. Nf3 d6 3. d4 cxd4 4. Nxd4 Nf6 5. Nc3 Nc6 6. f3 e5 7. Nb3 Be6 8. Be3 d5 9. exd5 Nxd5 10. Nxd5 Qxd5 11. Qxd5 Bxd5 12. Bb5 a6 13. O-O-O O-O-O 14. Bxc6 Bxc6 15. Bc5 Bd5 16. Bxf8 Rhxf8 17. Nc5 Kc7 18. Rhe1 Rfe8 19. b3 f6 20. c4 Bf7 21. Rxd8 Rxd8 22. Re2 Kc6 23. Ne4 Bg6 24. Nc3 Kc5 25. Rd2 Rd4 26. a3 h5 27. Ne2 Rxd2 28. Kxd2 h4 29.
Kc3 Bh5 30. b4+ Kc6 31. Kd3 h3 32. g4 Bg6+ 33. Kc3 e4 34. f4 Kd6 35. f5 Be8 36.
Kd4 Bc6 37. Ng3 e3 38. c5+ Kd7 39. Kxe3 Ba4 40. Nh5 Bd1 41. Kf4 1-0

[Event "Early-Titled-Tuesday-Blitz-October-03-2023"]
[Site "Chess.com"]
[Date "2023.10.03"]
[Round "7"]
[White "slorovel"]
[Black "vasblesk"]
[Result "1/2-1/2"]
[WhiteElo "2497"]
[BlackElo "2687"]
[TimeControl "180+1"]
[EndTime "9:19:06 PDT"]
[Termination "Game drawn by agreement"]

1. e4 c5 2. Nf3 g6 3. c3 Bg7 4. d4 cxd4 5. cxd4 d5 6. e5 Nh6 7. Nc3 O-O 8. Bxh6 Bxh6 9. Bd3 Nc6 10. O-O Bg4 11. Be2 e6 12. Qd3 Bg7 13. Rfd1 a6 14.
h3 Bxf3 15. Qxf3 b5 16. Rac1 Qb6 17. Qe3 Rac8 18. h4 Ne7 19. Bg4 h5 20. Bh3 Rc4 21.
b3 Rc7 22. Ne2 Rfc8 23. Rxc7 Rxc7 24. Rc1 Qb8 25. g4 hxg4 26. Bxg4 Qc8 27. h5 gxh5 28. Rxc7 Qxc7 29. Bxh5 Nf5 30. Qg5 Kf8 31. Bg4 Qe7 32. Qh5 Nh6 33. Nf4 Nxg4 34. Qxg4 Bh6 35. Nh5 Qg5 36.
Qxg5 Bxg5 37. f4 Bh4 38. Kg2 Ke7 39. Kf3 f5 40. Ng3 Kd7 41. Ne2 Be1 42. Ke3 Bb4 43. Kd3 Kc6 44. Ng3 a5 45. Nh5 Be7 46. a4 bxa4 47.
bxa4 Bh4 48. Ke2 Kd7 49. Kf3 Ke7 50. Ng3 Bxg3 51. Kxg3 Kf7 52. Kh3 Kg6 53. Kg3 1/2-1/2

[Event "Early-Titled-Tuesday-Blitz-October-03-2023"]
[Site "Chess.com"]
[Date "2023.10.03"]
[Round "7"]
[White "ezkybel"]
[Black "chesslh19"]
[Result "1-0"]
[WhiteElo "2479"]
[BlackElo "2326"]
[TimeControl "180+1"]
[EndTime "9:19:08 PDT"]
[Termination "ezkybel won by resignation"]

1. e4 e5 2. Nf3 Nf6 3. Nxe5 d6 4. Nf3 Nxe4 5. Nc3 Nxc3 6. dxc3 Be7 7. Bf4 Nc6 8. Qd2 Be6 9. O-O-O Qd7 10. Kb1 O-O-O 11. h4 h6 12. Bb5 a6 13. Ba4 Bf6 14. Nd4 Bxd4 15. cxd4 b5 16. Bb3 Bxb3 17. cxb3 d5 18. Rc1 Kb7 19. Rc5 Rhe8 20. Rhc1 Qf5+ 21. Ka1 Re6 22. a4 bxa4 23. bxa4 Qe4 24. Be3 Rd7 25.
Qc3 Rdd6 26. b4 a5 27. b5 Nb4 28. Rxc7+ Ka8 29. Rc8+ 1-0

[Event "Early-Titled-Tuesday-Blitz-October-03-2023"]
[Site "Chess.com"]
[Date "2023.10.03"]
[Round "7"]
[White "kidagent"]
[Black "Magila31"]
[Result "1-0"]
[WhiteElo "2275"]
[BlackElo "2395"]
[TimeControl "180+1"]
[EndTime "9:19:09 PDT"]
[Termination "kidagent won by checkmate"]

1. c4 g6 2. g3 Bg7 3. Bg2 Nf6 4. Nf3 O-O 5. Nc3 c6 6. e4 d6 7. O-O e5 8. d4 Nbd7 9. Be3 Ng4 10. Bg5 Qb6 11. Be7 Re8 12. Bxd6 exd4 13. Na4 Qa5 14. h3 Nge5 15. Nxe5 Nxe5 16. b3 d3 17. Rc1 b5 18. cxb5 cxb5 19. Nc5 Qxa2 20. f4 Nc6 21. e5 Nd4 22. Bxa8 Ne2+ 23. Kg2 Nxc1+ 24. Rf2 Qb1 25. Bc6 Rd8 26. Be4 Bf5 27. Bxf5 gxf5 28. Rd2 a5 29. Nxd3 Nxb3 30. Qxb1 Nxd2 31.
Qxb5 Ne4 32. Qb6 Rc8 33. Qxa5 Rc2+ 34. Kf1 Rd2 35. Qd8+ Bf8 36. Qxf8# 1-0

[Event "Early-Titled-Tuesday-Blitz-October-03-2023"]
[Site "Chess.com"]
[Date "2023.10.03"]
[Round "7"]
[White "AbdulovOrkhan"]
[Black "hurricane7791"]
[Result "0-1"]
[WhiteElo "2554"]
[BlackElo "2713"]
[TimeControl "180+1"]
[EndTime "9:19:10 PDT"]
[Termination "hurricane7791 won by resignation"]

1. e4 c5 2. Nf3 d6 3. c3 Nf6 4.
Bd3 Nbd7 5. O-O b6 6. Bc2 Bb7 7. Re1 e6 8. d4 Be7 9. Bf4 a6 10. Nbd2 O-O 11. Nc4 Qc7 12. Nxd6 Bxd6 13. e5 Be7 14. exf6 Qxf4 15. fxe7 Rfe8 16. dxc5 Nxc5 17. b4 Ne4 18. Qd7 Rab8 19. Rad1 Nf6 20. Qd4 Qxd4 21. Nxd4 Rxe7 22. c4 Rc7 23. Bb3 Rbc8 24. a4 Kf8 25. Rc1 Ne4 26. Re2 Rd7 27. Nf3 a5 28. Ne5 Rd4 29. f3 Nd2 30. Ba2 axb4 31. a5 bxa5 32. c5 b3 33. Bb1 Ba6 34.
Ree1 a4 35. c6 Nxb1 36. Rxb1 f6 37. Nd7+ Ke7 38. Rbc1 b2 39. Rc3 Rxd7 0-1

[Event "Early-Titled-Tuesday-Blitz-October-03-2023"]
[Site "Chess.com"]
[Date "2023.10.03"]
[Round "7"]
[White "Javylavilla"]
[Black "Antik5"]
[Result "1-0"]
[WhiteElo "2380"]
[BlackElo "2486"]
[TimeControl "180+1"]
[EndTime "9:19:10 PDT"]
[Termination "Javylavilla won on time"]

1. e4 c6 2. c4 d5 3. cxd5 cxd5 4. exd5 Nf6 5. Qa4+ Nbd7 6. Nc3 g6 7. Nf3 Bg7 8. Bc4 O-O 9. O-O Nb6 10. Qb3 Nxc4 11. Qxc4 b6 12. Ne5 Bb7 13. Nc6 Qd7 14. d4 e6 15. Ne5 Bxd5 16. Nxd7 Bxc4 17. Nxf8 Bxf1 18. Kxf1 Kxf8 19. Bf4 Rd8 20. Be5 Ng4 21. Bxg7+ Kxg7 22. h3 Nf6 23. Rd1 Kf8 24. Ke2 Ke7 25. Ke3 h5 26. Kf4 a6 27. Ke3 b5 28. Rc1 h4 29. Ne2 Nd5+ 30.
Ke4 Kd6 31. Nf4 f5+ 32. Kf3 g5 33. Nd3 Rg8 34. Ne5 Ne7 35. Re1 Kd5 36. Nd7 Kxd4 37. Rxe6 Nd5 38. Rd6 g4+ 39. hxg4 fxg4+ 40. Ke2 Ke4 41. Rxd5 h3 42. gxh3 gxh3 43. Nf6+ Kf4 44.
Nxg8 1-0

[Event "Early-Titled-Tuesday-Blitz-October-03-2023"]
[Site "Chess.com"]
[Date "2023.10.03"]
[Round "7"]
[White "JAN2404"]
[Black "NowInChess"]
[Result "1-0"]
[WhiteElo "2079"]
[BlackElo "2232"]
[TimeControl "180+1"]
[EndTime "9:19:10 PDT"]
[Termination "JAN2404 won on time"]

1. e4 e6 2. Nc3 d5 3. e5 c5 4. d4 cxd4 5. Qxd4 Nc6 6. Bb5 Ne7 7. Nf3 Bd7 8. Qd1 Ng6 9. Bxc6 bxc6 10. O-O Qc7 11. Re1 Rb8 12. b3 Be7 13. Bb2 c5 14. Qe2 d4 15. Nd1 Bc6 16. c3 Bxf3 17. Qxf3 Nxe5 18.
Qg3 Bd6 19. Qxg7 Ng6 20. cxd4 Bxh2+ 21. Kh1 c4 22. d5 Bd6 23. dxe6 fxe6 24. Rxe6+ Kd8 25.
Qxc7+ Kxc7 26. Bxh8 Rxh8 27. Rc1 1-0